| TOP OF THE 1ST |
|
Baltimore Orioles batting - Pitching for Texas Rangers : RHP Kelly Goosecock
|
|
Pitching: RHP Kelly Goosecock
|
|
|
Batting: RHB Saimei Kudo
|
0-0: Called Strike 0-1: Foul Ball, location: 2F 0-2: Strikes out swinging
|
|
Batting: LHB Brad Pepin
|
0-0: Ball 1-0: Foul Ball, location: 2F 1-1: Ball 2-1: Foul Ball, location: 2F 2-2: Strikes out swinging
|
|
Batting: RHB Rudo Garciaparra
|
0-0: Swinging Strike 0-1: Ball 1-1: Swinging Strike 1-2: Strikes out swinging
|
| Top of the 1st over - 0 runs, 0 hits, 0 errors, 0 left on base; Baltimore 0 - Texas 0 |
| BOTTOM OF THE 1ST |
|
Texas Rangers batting - Pitching for Baltimore Orioles : RHP Antonio Escobosa
|
|
Pitching: RHP Antonio Escobosa
|
|
|
Batting: LHB Andy Bowman
|
0-0: Called Strike 0-1: Ball 1-1: Swinging Strike 1-2: Ball 2-2: Foul Ball, location: 2F 2-2: Foul Ball, location: 2F 2-2: Fly out, F9 (Line Drive, 9S, EV 98.8 MPH)
|
|
Batting: RHB Butch Kaiser
|
0-0: Ball 1-0: Called Strike 1-1: Called Strike 1-2: Ball 2-2: Ball 3-2: Base on Balls
|
|
Batting: SHB John Giesbrecht
|
0-0: Ball 1-0: Ball 2-0: Ball 3-0: Base on Balls Butch Kaiser to second
|
|
Batting: SHB Addick de Vries
|
0-0: Called Strike 0-1: Called Strike Butch Kaiser steals 3rd base John Giesbrecht to second 0-2: Strikes out looking
|
|
Batting: RHB Blake Ballard
|
0-0: Foul Ball, location: 2F 0-1: Swinging Strike 0-2: Foul Ball, location: 2F 0-2: Ball 1-2: Ball Wild Pitch! Butch Kaiser scores John Giesbrecht to third 2-2: Ball 3-2: Fly out, F8 (Flyball, 8RD, EV 100.0 MPH)
|
| Bottom of the 1st over - 1 run, 0 hits, 0 errors, 1 left on base; Baltimore 0 - Texas 1 |
| TOP OF THE 2ND |
|
Baltimore Orioles batting - Pitching for Texas Rangers : RHP Kelly Goosecock
|
|
Batting: RHB Vince Jackson
|
0-0: SINGLE (Line Drive, 56, EV 96.2 MPH)
|
|
Batting: SHB Jason Hayes
|
0-0: Called Strike 0-1: Swinging Strike 0-2: Ball 1-2: Ball 2-2: Strikes out swinging
|
|
Batting: LHB Brian Feher
|
0-0: Swinging Strike 0-1: Called Strike 0-2: Foul Ball, location: 2F 0-2: Ball 1-2: Ball 2-2: Strikes out swinging
|
|
Batting: RHB Marc Peckermark
|
0-0: Called Strike 0-1: Fly out, F9 (Flyball, 9D, EV 105.6 MPH)
|
| Top of the 2nd over - 0 runs, 1 hit, 0 errors, 1 left on base; Baltimore 0 - Texas 1 |
| BOTTOM OF THE 2ND |
|
Texas Rangers batting - Pitching for Baltimore Orioles : RHP Antonio Escobosa
|
|
Batting: RHB Zhao-ji Chi
|
0-0: Called Strike 0-1: Ground out 4-3 (Groundball, 4, EV 98.1 MPH)
|
|
Batting: RHB Chris Torlak
|
0-0: Ball 1-0: Ball 2-0: Foul Ball, location: 2F 2-1: Ground out 6-3 (Groundball, 6S, EV 68.8 MPH)
|
|
Batting: RHB Danny Heyer
|
0-0: Ball 1-0: Ball 2-0: Ball 3-0: Ground out 6-3 (Groundball, 6, EV 82.5 MPH)
|
| Bottom of the 2nd over - 0 runs, 0 hits, 0 errors, 0 left on base; Baltimore 0 - Texas 1 |
| TOP OF THE 3RD |
|
Baltimore Orioles batting - Pitching for Texas Rangers : RHP Kelly Goosecock
|
|
Batting: SHB Cesar Herrera
|
0-0: Ball 1-0: Swinging Strike 1-1: Fly out, F8 (Flyball, 78M, EV 81.2 MPH)
|
|
Batting: SHB Eduardo Maldonado
|
0-0: Foul Ball, location: 2F 0-1: Foul Ball, location: 2F 0-2: Ball 1-2: Ball 2-2: Ball 3-2: Foul Ball, location: 2F 3-2: Strikes out swinging
|
|
Batting: RHB Saimei Kudo
|
0-0: Ball 1-0: Swinging Strike 1-1: Called Strike 1-2: Foul Ball, location: 2F 1-2: Foul Ball, location: 2F 1-2: Strikes out swinging
|
| Top of the 3rd over - 0 runs, 0 hits, 0 errors, 0 left on base; Baltimore 0 - Texas 1 |
| BOTTOM OF THE 3RD |
|
Texas Rangers batting - Pitching for Baltimore Orioles : RHP Antonio Escobosa
|
|
Batting: SHB Alvare Bairro
|
0-0: Foul Ball, location: 2F 0-1: Ground out U3 (Groundball, 34, EV 86.2 MPH)
|
|
Batting: LHB Andy Bowman
|
0-0: Ball 1-0: Foul Ball, location: 2F 1-1: Ball 2-1: Called Strike 2-2: Foul Ball, location: 2F 2-2: Ball 3-2: Foul Ball, location: 2F 3-2: Strikes out looking
|
|
Batting: RHB Butch Kaiser
|
0-0: Ball 1-0: Called Strike 1-1: SINGLE (Line Drive, 34D, EV 96.2 MPH)
|
|
Batting: SHB John Giesbrecht
|
0-0: Ball Wild Pitch! Butch Kaiser to second 1-0: Foul Ball, location: 2F 1-1: Ball 2-1: Ground out 4-3 (Groundball, 34D, EV 109.4 MPH)
|
| Bottom of the 3rd over - 0 runs, 1 hit, 0 errors, 1 left on base; Baltimore 0 - Texas 1 |
| TOP OF THE 4TH |
|
Baltimore Orioles batting - Pitching for Texas Rangers : RHP Kelly Goosecock
|
|
Batting: LHB Brad Pepin
|
0-0: Foul Ball, location: 2F 0-1: Ball 1-1: Foul Ball, location: 2F 1-2: Ball 2-2: Foul Ball, location: 2F 2-2: Foul Ball, location: 2F 2-2: Strikes out swinging
|
|
Batting: RHB Rudo Garciaparra
|
0-0: Ball 1-0: Ball 2-0: Ball 3-0: Called Strike 3-1: Called Strike 3-2: Foul Ball, location: 2F 3-2: DOUBLE (Flyball, 78XD, EV 113.8 MPH)
|
|
Batting: RHB Vince Jackson
|
0-0: Fly out, F8 (Flyball, 8LD, EV 100.6 MPH)
|
|
Batting: SHB Jason Hayes
|
0-0: Fly out, F9 (Flyball, 9, EV 90.0 MPH)
|
| Top of the 4th over - 0 runs, 1 hit, 0 errors, 1 left on base; Baltimore 0 - Texas 1 |
| BOTTOM OF THE 4TH |
|
Texas Rangers batting - Pitching for Baltimore Orioles : RHP Antonio Escobosa
|
|
Batting: SHB Addick de Vries
|
0-0: Ball 1-0: Foul Ball, location: 2F 1-1: Ball 2-1: Ball 3-1: Ground out 5-3 (Groundball, 56, EV 104.4 MPH)
|
|
Batting: RHB Blake Ballard
|
0-0: SINGLE (Line Drive, 34D, EV 102.5 MPH)
|
|
Batting: RHB Zhao-ji Chi
|
0-0: Called Strike 0-1: Swinging Strike 0-2: Foul Ball, location: 2F 0-2: Strikes out swinging
|
|
Batting: RHB Chris Torlak
|
0-0: SINGLE (Groundball, 6M, EV 86.2 MPH) (infield hit) Blake Ballard to second
|
|
Batting: RHB Danny Heyer
|
0-0: Called Strike 0-1: Ball 1-1: Foul Ball, location: 2F 1-2: Foul Ball, location: 2F 1-2: Foul Ball, location: 2F 1-2: Strikes out swinging
|
| Bottom of the 4th over - 0 runs, 2 hits, 0 errors, 2 left on base; Baltimore 0 - Texas 1 |
| TOP OF THE 5TH |
|
Baltimore Orioles batting - Pitching for Texas Rangers : RHP Kelly Goosecock
|
|
Batting: LHB Brian Feher
|
0-0: Ground out U3 (Groundball, 34S, EV 85.0 MPH)
|
|
Batting: RHB Marc Peckermark
|
0-0: Ball 1-0: Foul Ball, location: 2F 1-1: Ball 2-1: Foul Ball, location: 2F 2-2: Ball 3-2: Foul Ball, location: 2F 3-2: Foul Ball, location: 2F 3-2: Foul Ball, location: 2F 3-2: Strikes out swinging
|
|
Batting: SHB Cesar Herrera
|
0-0: Foul Ball, location: 2F 0-1: Ball 1-1: Swinging Strike 1-2: Strikes out looking
|
| Top of the 5th over - 0 runs, 0 hits, 0 errors, 0 left on base; Baltimore 0 - Texas 1 |
| BOTTOM OF THE 5TH |
|
Texas Rangers batting - Pitching for Baltimore Orioles : RHP Antonio Escobosa
|
|
Batting: SHB Alvare Bairro
|
0-0: Ground out 5-3 (Groundball, 56S, EV 91.2 MPH)
|
|
Batting: LHB Andy Bowman
|
0-0: Swinging Strike 0-1: Ground out 4-3 (Groundball, 4, EV 86.2 MPH)
|
|
Batting: RHB Butch Kaiser
|
0-0: Called Strike 0-1: Ball 1-1: Ball 2-1: Foul Ball, location: 2F 2-2: Fly out, F5 (Popup, 25F, EV 89.4 MPH)
|
| Bottom of the 5th over - 0 runs, 0 hits, 0 errors, 0 left on base; Baltimore 0 - Texas 1 |
| TOP OF THE 6TH |
|
Baltimore Orioles batting - Pitching for Texas Rangers : RHP Kelly Goosecock
|
|
Batting: SHB Eduardo Maldonado
|
0-0: SINGLE (Groundball, 4M, EV 81.2 MPH) (infield hit)
|
|
Batting: RHB Saimei Kudo
|
0-0: Ball 1-0: Called Strike 1-1: Swinging Strike 1-2: Ball 2-2: Strikes out swinging
|
|
Batting: LHB Brad Pepin
|
0-0: Called Strike 0-1: Ball 1-1: SINGLE (Line Drive, 8LS, EV 106.2 MPH) Eduardo Maldonado to second
|
|
Batting: RHB Rudo Garciaparra
|
0-0: Ball 1-0: Called Strike 1-1: SINGLE (Line Drive, 4MD, EV 102.5 MPH) Eduardo Maldonado to third Brad Pepin to second Runner from 3rd tries for Home, throw by CF and OUT! 8-2
|
|
Batting: RHB Vince Jackson
|
0-0: Ball 1-0: Called Strike 1-1: Foul Ball, location: 2F 1-2: Foul Ball, location: 2F 1-2: Strikes out swinging
|
| Top of the 6th over - 0 runs, 3 hits, 0 errors, 2 left on base; Baltimore 0 - Texas 1 |
| BOTTOM OF THE 6TH |
|
Texas Rangers batting - Pitching for Baltimore Orioles : RHP Antonio Escobosa
|
|
Batting: SHB John Giesbrecht
|
0-0: Ball 1-0: Foul Ball, location: 2F 1-1: SINGLE (Flyball, 8RS, EV 95.6 MPH)
|
|
Batting: SHB Addick de Vries
|
0-0: Ball 1-0: SINGLE (Line Drive, 8RS, EV 93.8 MPH) John Giesbrecht to second Runner from 2nd tries for 3rd, SAFE, throw by CF made to third
|
|
Batting: RHB Blake Ballard
|
0-0: Ball 1-0: Ball 2-0: Called Strike 2-1: Ball 3-1: Foul Ball, location: 2F 3-2: Base on Balls Addick de Vries to second
|
|
Batting: RHB Zhao-ji Chi
|
0-0: Ball 1-0: Fly out, F9 (Flyball, 89M, EV 81.2 MPH)
|
|
Batting: RHB Chris Torlak
|
0-0: Foul Ball, location: 2F 0-1: SINGLE (Groundball, 56, EV 105.0 MPH) John Giesbrecht scores Addick de Vries to third Blake Ballard to second Runner from 3rd tries for Home, SAFE, throw by LF to home
|
|
Batting: RHB Danny Heyer
|
0-0: Called Strike 0-1: Foul Ball, location: 2F 0-2: Ball 1-2: Grounds into double play, 6-4-3 (Groundball, 6, EV 83.8 MPH)
|
| Bottom of the 6th over - 2 runs, 3 hits, 0 errors, 1 left on base; Baltimore 0 - Texas 3 |
| TOP OF THE 7TH |
|
Baltimore Orioles batting - Pitching for Texas Rangers : RHP Kelly Goosecock
|
|
Batting: SHB Jason Hayes
|
0-0: Called Strike 0-1: Ball 1-1: Ball 2-1: SINGLE (Line Drive, 3D, EV 95.0 MPH)
|
|
Pitching: RHP Kyle Curve
|
|
|
Batting: LHB Brian Feher
|
0-0: Called Strike 0-1: Swinging Strike 0-2: Ball Wild Pitch! Jason Hayes to second 1-2: Fly out, F9 (Line Drive, 9S, EV 111.2 MPH)
|
|
Batting: RHB Marc Peckermark
|
0-0: Called Strike 0-1: Foul Ball, location: 2F 0-2: Strikes out swinging
|
|
Batting: SHB Cesar Herrera
|
0-0: Called Strike 0-1: Called Strike 0-2: Strikes out looking
|
| Top of the 7th over - 0 runs, 1 hit, 0 errors, 1 left on base; Baltimore 0 - Texas 3 |
| BOTTOM OF THE 7TH |
|
Texas Rangers batting - Pitching for Baltimore Orioles : RHP Antonio Escobosa
|
|
Batting: SHB Alvare Bairro
|
0-0: Called Strike 0-1: SINGLE (Flyball, 7LS, EV 93.1 MPH)
|
|
Pitching: RHP Jay Rapini
|
|
|
Batting: LHB Andy Bowman
|
0-0: Foul Ball, location: 2F 0-1: Ball 1-1: Ball 2-1: Ball 3-1: Base on Balls Alvare Bairro to second
|
|
Batting: RHB Butch Kaiser
|
0-0: Called Strike 0-1: Ball 1-1: Ball 2-1: Swinging Strike 2-2: Strikes out swinging
|
|
Batting: SHB John Giesbrecht
|
0-0: Ball 1-0: Fly out, F7 (Line Drive, 78M, EV 88.8 MPH)
|
|
Batting: SHB Addick de Vries
|
0-0: Ball 1-0: Ball 2-0: Called Strike 2-1: Swinging Strike 2-2: Ball 3-2: Strikes out swinging
|
| Bottom of the 7th over - 0 runs, 1 hit, 0 errors, 2 left on base; Baltimore 0 - Texas 3 |
| TOP OF THE 8TH |
|
Baltimore Orioles batting - Pitching for Texas Rangers : RHP Kyle Curve
|
|
Pitching: RHP Andrew Coker
|
|
|
Batting: SHB Eduardo Maldonado
|
0-0: Foul Ball, location: 2F 0-1: Ball 1-1: Ball 2-1: Fly out, F7 (Flyball, 7, EV 81.2 MPH)
|
|
Batting: RHB Saimei Kudo
|
0-0: Hit by Pitch
|
|
Batting: LHB Brad Pepin
|
0-0: Ball 1-0: Ball 2-0: Called Strike 2-1: Grounds into double play, 5-4-3 (Groundball, 56, EV 87.5 MPH)
|
| Top of the 8th over - 0 runs, 0 hits, 0 errors, 0 left on base; Baltimore 0 - Texas 3 |
| BOTTOM OF THE 8TH |
|
Texas Rangers batting - Pitching for Baltimore Orioles : RHP Jay Rapini
|
|
Batting: RHB Blake Ballard
|
0-0: Called Strike 0-1: Ball 1-1: Foul Ball, location: 2F 1-2: Ground out 3-1 (Groundball, 34, EV 91.2 MPH)
|
|
Batting: RHB Zhao-ji Chi
|
0-0: Ball 1-0: Ball 2-0: Ball 3-0: Called Strike 3-1: SINGLE (Line Drive, 5D, EV 96.9 MPH)
|
|
Batting: RHB Chris Torlak
|
0-0: Called Strike 0-1: Hit by Pitch Zhao-ji Chi to second
|
|
Batting: RHB Danny Heyer
|
0-0: Called Strike 0-1: Called Strike 0-2: Ball 1-2: Foul Ball, location: 2F 1-2: Ball 2-2: Strikes out swinging
|
|
Pitching: LHP Aldo Questi
|
|
|
Batting: SHB Alvare Bairro
|
0-0: Called Strike 0-1: Called Strike 0-2: Strikes out swinging
|
| Bottom of the 8th over - 0 runs, 1 hit, 0 errors, 2 left on base; Baltimore 0 - Texas 3 |
| TOP OF THE 9TH |
|
Baltimore Orioles batting - Pitching for Texas Rangers : RHP Andrew Coker
|
|
Pitching: RHP Isaburo Ishihara
|
|
|
Batting: RHB Rudo Garciaparra
|
0-0: Ball 1-0: Ball 2-0: Ball 3-0: Base on Balls
|
|
Batting: RHB Vince Jackson
|
0-0: Ball 1-0: Ball 2-0: SINGLE (Line Drive, 89S, EV 91.2 MPH) Rudo Garciaparra to second
|
|
Batting: SHB Jason Hayes
|
0-0: 3-RUN HOME RUN (Flyball, 9D, EV 104.4 MPH), Distance : 378 ft
|
|
Batting: LHB Brian Feher
|
0-0: Called Strike 0-1: Ball 1-1: Ball 2-1: Ball 3-1: Foul Ball, location: 2F 3-2: Strikes out looking
|
|
Batting: RHB Marc Peckermark
|
0-0: Ball 1-0: Called Strike 1-1: Swinging Strike 1-2: Ball 2-2: Strikes out swinging
|
|
Batting: SHB Cesar Herrera
|
0-0: Ball 1-0: Ball 2-0: Foul Ball, location: 2F 2-1: Called Strike 2-2: Ball 3-2: SINGLE (Flyball, 3D, EV 91.9 MPH)
|
|
Pitching: LHP Wayne Perry
|
|
|
Batting: SHB Eduardo Maldonado
|
0-0: Called Strike 0-1: Ground out 6-3 (Groundball, 6S, EV 78.1 MPH)
|
| Top of the 9th over - 3 runs, 3 hits, 0 errors, 1 left on base; Baltimore 3 - Texas 3 |
| BOTTOM OF THE 9TH |
|
Texas Rangers batting - Pitching for Baltimore Orioles : LHP Aldo Questi
|
|
Batting: LHB Andy Bowman
|
0-0: Fly out, F7 (Line Drive, 7S, EV 107.5 MPH)
|
|
Batting: RHB Butch Kaiser
|
0-0: Ball 1-0: Fly out, F5 (Popup, 5, EV 83.8 MPH)
|
|
Batting: SHB John Giesbrecht
|
0-0: Ball 1-0: Ball 2-0: Fly out, F5 (Popup, 5SF, EV 71.9 MPH)
|
| Bottom of the 9th over - 0 runs, 0 hits, 0 errors, 0 left on base; Baltimore 3 - Texas 3 |
| TOP OF THE 10TH |
|
Baltimore Orioles batting - Pitching for Texas Rangers : LHP Wayne Perry
|
|
Batting: RHB Saimei Kudo
|
0-0: Called Strike 0-1: Called Strike 0-2: Ball 1-2: Foul Ball, location: 2F 1-2: Ball 2-2: Foul Ball, location: 2F 2-2: Ball 3-2: Strikes out looking
|
|
Batting: LHB Brad Pepin
|
0-0: Ground out 6-3 (Groundball, 6, EV 85.6 MPH)
|
|
Batting: RHB Rudo Garciaparra
|
0-0: Called Strike 0-1: Ball 1-1: Ball 2-1: Ground out 6-3 (Groundball, 6, EV 84.4 MPH)
|
| Top of the 10th over - 0 runs, 0 hits, 0 errors, 0 left on base; Baltimore 3 - Texas 3 |
| BOTTOM OF THE 10TH |
|
Texas Rangers batting - Pitching for Baltimore Orioles : LHP Aldo Questi
|
|
Batting: SHB Addick de Vries
|
0-0: Ball 1-0: Swinging Strike 1-1: SINGLE (Line Drive, 4D, EV 100.6 MPH)
|
|
Batting: RHB Blake Ballard
|
0-0: Foul Ball, location: 2F 0-1: Ball 1-1: Foul Ball, location: 2F 1-2: Foul Ball, location: 2F 1-2: Strikes out swinging
|
|
Batting: RHB Zhao-ji Chi
|
0-0: Called Strike 0-1: Called Strike 0-2: Ball 1-2: Ball 2-2: Ball 3-2: Base on Balls Addick de Vries to second
|
|
Batting: RHB Chris Torlak
|
0-0: SINGLE (Groundball, 4S, EV 67.5 MPH) (infield hit) Addick de Vries to third Zhao-ji Chi to second
|
|
Batting: RHB Danny Heyer
|
0-0: Ball Wild Pitch! Addick de Vries scores
|
| Bottom of the 10th over - 1 run, 2 hits, 0 errors, 2 left on base; Baltimore 3 - Texas 4 |
|